Description

ZvT Pool first

Replay - LD vs Toss

Build Order

Get SALT Encoding   

  12  0:00  Drone  
  13  0:07  Drone  
  14  0:16  Overlord  
  14  0:21  Extractor  
  13  0:22  Drone  
  15  0:36  Drone x2  
  15  0:42  Spawning Pool  
  16  0:48  Drone  
  17  1:05  Hatchery  
  17  1:08  Drone x2  
  17  1:16  Extractor  
  17  1:17  Drone  
  18  1:29  Queen  
  18  1:31  Zergling x2  
  21  1:39  Overlord  
  21  1:48  Drone  
  23  2:04  Queen  
  26  2:16  Hatchery  
  28  2:34  Metabolic Boost  
  32  2:49  Overlord  
  33  2:56  Queen  
  36  3:06  Queen  
  44  3:23  Overlord  
  47  3:34  Spore Crawler  
  47  3:41  Queen  
  47  3:46  Spore Crawler  
  56  3:56  Overlord  
  62  4:21  Extractor, Lair  
  69  4:35  Extractor  
  70  4:42  Evolution Chamber  
  71  4:46  Extractor x2  
  77  4:53  Hatchery  
  79  5:02  Extractor  
  81  5:14  Spore Crawler  
  80  5:23  Hydralisk Den  
  90  5:28  Infestation Pit  
Spawning Tool Build Advisor. Get it on Overwolf

Go to:

Details

  • Created by: carsoncho  
  • Published on: Jul 24, 2025
  • Modified on: Jul 24, 2025
  • Patch: 5.0.11
  • Difficulty: Medium
Show
View Real Time Build Order
Export as new Build Order

Comments (0)

There are no comments. Be the first!

Create an account to comment!